 Dungeon Crawl Stone Soup version 0.28-a0-503-g83f2989fac (webtiles) character file.

Game seed: 7492221874667095881

1325 lunkers the Magician (level 8, -3/61 HPs)
             Began as a Djinni Earth Elementalist on Sept 20, 2021.
             Slain by an orc (7 damage)
             ... on level 7 of the Dungeon.
             The game lasted 00:03:33 (4934 turns).

lunkers the Magician (Djinni Earth Elementalist)    Turns: 4934, Time: 00:03:33

Health: -3/61      AC:  6    Str:  7    XL:     8   Next: 91%
Gold:   216        EV: 12    Int: 19    God:
                   SH:  0    Dex: 14

rFire   + + .      SeeInvis .   r - +0 whip (elec)
rCold   x . .      Faith    .   (no shield)
rNeg    + . .      Spirit   .   b - +0 robe
rPois   ∞          Reflect  .   o - +0 helmet
rElec   .          Harm     .   q - +0 cloak
rCorr   .          Rampage  .   g - +1 pair of gloves
Will    .....                   (boots unavailable)
Stlth   ++........              (no amulet)
HPRegen 0.20/turn               t - ring of positive energy
MPRegen 0.00/turn               (no ring)

@: flying
A: sickness immunity, fire resistance 2, cold vulnerability 1, float, innate
caster, hp casting, extra vitality 1
a: no special abilities


You were on level 7 of the Dungeon.
You visited 1 branch of the dungeon, and saw 7 of its levels.

You collected 216 gold pieces.

Inventory:

Hand Weapons
 r - a +0 whip of electrocution (weapon)
Missiles
 c - 75 stones
 i - 3 throwing nets
Armour
 b - a +0 robe (worn)
 g - a +1 pair of gloves (worn)
 o - a +0 helmet (worn)
 q - a +0 cloak (worn)
Jewellery
 t - a ring of positive energy (left hand)
Scrolls
 d - 2 scrolls of immolation
 e - 3 scrolls of identify {unknown}
 j - a scroll of teleportation {unknown}
 k - a scroll of vulnerability {unknown}
 m - a scroll of fear {unknown}
 p - a scroll of enchant armour {unknown}
 u - a scroll of summoning {unknown}
 v - a scroll of magic mapping {unknown}
 w - a scroll of brand weapon {unknown}
Potions
 a - a potion of attraction {unknown}
 f - a potion of magic {unknown}
 h - 2 potions of ambrosia {unknown}
 l - 2 potions of mutation {unknown}
 n - a potion of curing {unknown}
 s - a potion of heal wounds {unknown}


   Skills:
 + Level 5.7 Fighting
 - Level 2.1 Dodging
 - Level 1.5 Stealth
 * Level 6.8 Spellcasting


You had 5 spell levels left.
You knew the following spells:

 Your Spells              Type           Power      Damage    Failure   Level
a - Stone Arrow           Conj/Erth      64%        3d11      1%          3
b - Passwall              Tmut/Erth      26%        N/A       1%          2
c - Sandblast             Erth           64%        2d14      1%          1
d - Petrify               Tmut/Erth      32%        N/A       6%          4
e - Foxfire               Conj/Fire      100%       2x1d9     1%          1
f - Searing Ray           Conj           64%        2d6       1%          2
g - Ensorcelled Hibernat  Hex/Ice        64%        N/A       1%          2
Your spell library was empty.

Dungeon Overview and Level Annotations

Branches:
Dungeon (8/15)
 Temple: D:4-7         Lair: D:8-11

Altars:
Hepliaklqana

Shops:
D:5 ?


Innate Abilities, Weirdness & Mutations

You are immune to sickness and miasma.
You are immune to poison.
Your flesh is very heat resistant. (rF++)
You are vulnerable to cold. (rC-)
You float through the air rather than walking.
You learn spells naturally, not from books.
Your magical power is your life essence.
You have superior vitality. (+4 HP)


Message History

* * * LOW HITPOINT WARNING * * *
The orc barely misses you.
Unknown command.
Casting: Stone Arrow (safe; 1% risk of failure)
Confirm with . or Enter, or press ? or * to list all spells.
Aiming: Stone Arrow (safe; 1% risk of failure)
Press: ? - help, Shift-Dir - straight line, f/p - orc warrior
Aim: an orc warrior, wielding a +0 dire flail and wearing a +0 plate armour (moderately wounded, 74% to hit)
The stone arrow hits the orc warrior!
The orc warrior is severely wounded.
* * * LOW HITPOINT WARNING * * *
The orc warrior hits you with a +0 dire flail!
* * * LOW HITPOINT WARNING * * *
The orc hits you with a +0 club.
* * * LOW HITPOINT WARNING * * *
The orc hits you but does no damage.
Casting: Stone Arrow (safe; 1% risk of failure)
Confirm with . or Enter, or press ? or * to list all spells.
Aiming: Stone Arrow (safe; 1% risk of failure)
Press: ? - help, Shift-Dir - straight line, f/p - orc warrior
Aim: an orc warrior, wielding a +0 dire flail and wearing a +0 plate armour (severely wounded, 74% to hit)
The stone arrow hits the orc warrior!
The orc warrior is almost dead.
* * * LOW HITPOINT WARNING * * *
The orc warrior misses you. The orc hits you with a +0 club.
* * * LOW HITPOINT WARNING * * *
The orc hits you with a +6 dagger.
* * * LOW HITPOINT WARNING * * *
Unknown command.
Unknown command.
Casting: Stone Arrow (safe; 1% risk of failure)
Confirm with . or Enter, or press ? or * to list all spells.
Aiming: Stone Arrow (safe; 1% risk of failure)
Press: ? - help, Shift-Dir - straight line, f/p - orc warrior
Aim: an orc warrior, wielding a +0 dire flail and wearing a +0 plate armour (almost dead, 74% to hit)
The stone arrow hits the orc warrior!
You kill the orc warrior!
* * * LOW HITPOINT WARNING * * *
The orc closely misses you. The orc hits you with a +6 dagger!
You die...

# #.## #. ...
#.####.#######
#.............
#...>.......
#........##.
#$.......#
#o)o.#####
#.@..+ #....#
#....# #....#
#....# #....#
####.. ###


You could see 2 orcs.

Vanquished Creatures
  Pikel (D:4)
  Grinder (D:4)
  An orc warrior (D:7)
  An ogre (D:4)
  A necrophage (D:5)
  A centaur (D:5)
  A lemure (D:3)
  A water moccasin skeleton (D:5)
  2 hounds (D:5)
  A howler monkey (D:5)
  A jelly (D:5)
  An orc priest (D:3)
  An iguana (D:5)
  3 orc wizards
  8 adders
  3 worms
  A dart slug (D:2)
  6 orcs
  A ball python (D:2)
  4 bats
  6 endoplasms
  3 goblins
  6 hobgoblins
  6 kobolds
  3 quokkas
  2 frilled lizards
  5 rats
71 creatures vanquished.

Vanquished Creatures (others)
  15 plants (D:4)
15 creatures vanquished.

Grand Total: 86 creatures vanquished

Notes
Turn   | Place    | Note
-------+----------+-------------------------------------------
     0 | D:1      | lunkers the Djinni Earth Elementalist began the quest for
                  | the Orb.
     0 | D:1      | Reached XP level 1. HP: 15/15 MP: 0/0
   455 | D:1      | Reached XP level 2. HP: 21/22 MP: 0/0
   794 | D:1      | Reached skill level 1 in Fighting
  1119 | D:2      | Reached skill level 3 in Spellcasting
  1119 | D:2      | Reached XP level 3. HP: 19/27 MP: 0/0
  1119 | D:2      | Learned a level 1 spell: Foxfire
  1468 | D:2      | Reached XP level 4. HP: 30/33 MP: 0/0
  2477 | D:3      | Reached XP level 5. HP: 36/39 MP: 0/0
  2477 | D:3      | Learned a level 2 spell: Searing Ray
  2488 | D:3      | Reached skill level 4 in Spellcasting
  3159 | D:4      | Noticed a lemure
  3160 | D:4      | Noticed a lemure
  3162 | D:4      | Noticed Pikel
  3162 | D:4      | Noticed a lemure
  3166 | D:3      | Killed a lemure
  3362 | D:4      | Noticed a lemure
  3363 | D:4      | Killed Pikel
  3364 | D:4      | Reached skill level 5 in Spellcasting
  3364 | D:4      | Reached XP level 6. HP: 36/47 MP: 0/0
  3364 | D:4      | Reached XP level 7. HP: 40/52 MP: 0/0
  3364 | D:4      | Learned a level 2 spell: Ensorcelled Hibernation
  3404 | D:4      | HP: 1/52 [something (3)]
  3592 | D:4      | Reached XP level 8. HP: 25/58 MP: 0/0
  3835 | D:4      | Noticed Grinder
  3839 | D:4      | Killed Grinder
  3840 | D:4      | Reached skill level 6 in Spellcasting
  3978 | D:4      | Found a hazy altar of Hepliaklqana.
  4056 | D:4      | Reached skill level 5 in Fighting
  4216 | D:5      | Entered Level 5 of the Dungeon
  4505 | D:5      | Found Hitsuefe's Magic Scroll Emporium.
  4916 | D:5      | You are sucked into a shaft and drop 3 floors!
  4934 | D:7      | Slain by an orc

Illustrated notes

Levels and vault maps discovered:
D:1:      scummos_arrival_checkerplants, layout_basic
D:2:      layout_loops_ring, nrook_loot_triangle
D:3:      layout_loops_ring, kennysheep_generic_room_13
D:4:      layout_gridville, nicolae_hepliaklqana_hazy_memory, uniq_grinder,
          uniq_pikel
D:5:      layout_layer_cave, serial_shops, nicolae_diamond_shop
D:7:      layout_basic, serial_shops, nicolae_stop_n_shop_2,
          nrook_pool_corridor, kennysheep_path_1, uniq_crazy_yiuf_cottage
D:8:      minmay_the_grid_triangle_9x9_rhombus_thin
          [minmay_the_grid_triangle_9x9_odd_lines,
          minmay_the_grid_triangle_9x9_prize_insulated,
          minmay_the_grid_triangle_9x9_corruption,
          minmay_the_grid_triangle_9x9_subtriangle], layout_cave_pools,
          lair_entry_dummy, uniq_harold

Skill      XL: |  1  2  3  4  5  6  7  8 |
---------------+-------------------------+-----
Fighting       | 1 2 4 5 |  5.7
Spellcasting   | 3 5 6 |  6.8
Dodging        | |  2.1
Stealth        | |  1.5

Action                   |  1- 3 |  4- 6 |  7- 9 || total
-------------------------+-------+-------+-------++-------
 Cast: Sandblast         |    40 |    41 |     5 ||    86
       Stone Arrow       |       |    11 |    48 ||    59
       Searing Ray       |       |     1 |       ||     1
  Use: Scroll            |       |     1 |       ||     1
Armor: Robe              |       |     3 |     5 ||     8
Dodge: Dodged            |     7 |    12 |     7 ||    26

Table legend: (Time is in decaauts)
 A = Elapsed time spent in this place.
 B = Non-inter-level travel time spent in this place.
 C = Inter-level travel time spent in this place.
 D = Time resting spent in this place.
 E = Time spent auto-exploring this place.
 F = Levels seen in this place.
 G = Mean time per level.
                   A        B        C        D        E       F      G
               +--------+--------+--------+--------+--------+-----+--------+
         Total |   4932 |   4765 |    167 |     56 |   4253 |   7 |  704.6 |
       Dungeon |   4932 |   4765 |    167 |     56 |   4253 |   7 |  704.6 |
               +--------+--------+--------+--------+--------+-----+--------+

Top non-repeatable levels by time:
     D:2: 1112 daAuts
     D:1: 1039 daAuts
     D:4: 1033 daAuts
     D:3: 1030 daAuts
     D:5: 699 daAuts
     D:8: 9 daAuts
     D:7: 7 daAuts
